 Dungeon Crawl Stone Soup version 0.17-a0-957-ga3519be (webtiles) character file.

178 oplop the Ruffian (level 5, -3/50 HPs)
             Began as a Troll Transmuter on May 7, 2015.
             Slain by an orc warrior
             ... wielding a +0 trident
              (11 damage)
             ... on level 4 of the Dungeon.
             The game lasted 00:03:56 (1931 turns).

oplop the Ruffian (Troll Transmuter)                Turns: 1931, Time: 00:03:56

Health: -3/50      AC:  8    Str: 18    XL:     5   Next: 32%
Magic:  5/5        EV: 10    Int:  9    God:
Gold:   127        SH:  0    Dex: 11    Spells: 1 memorised, 5 levels left

rFire  . . .     SeeInvis .       - Unarmed
rCold  . . .     Clarity  .     b - +0 robe
rNeg   . . .     SustAb   .     (no shield)
rPois  +         Gourm    +     (helmet restricted)
rElec  .         Spirit   .     (no cloak)
rCorr  .         Warding  .     (gloves unavailable)
rMut   +         Stasis   .     (boots unavailable)
MR     .....                    x - amulet of resist mutation
Stlth  +.........               s - ring of poison resistance
                                t - +3 ring of protection

@: not resistant to hostile enchantments, very unstealthy
A: unfitting armour, claws 3, fast metabolism 3, gourmand, regeneration 2,
shaggy fur 1, tough skin 2
a: no special abilities


You were on level 4 of the Dungeon.
You were full.

You visited 1 branch of the dungeon, and saw 4 of its levels.

You collected 127 gold pieces.

Inventory:

Missiles
 a - 56 arrows
Armour
 b - a +0 robe (worn)
Jewellery
 k - an uncursed amulet of faith
 o - an uncursed ring of flight
 s - a ring of poison resistance (right claw)
 t - a +3 ring of protection (left claw)
 x - an amulet of resist mutation (around neck)
Magical devices
 p - a wand of frost (33)
Scrolls
 f - 3 scrolls of remove curse {unknown}
 g - 4 scrolls of identify {unknown}
 h - 3 scrolls of magic mapping {unknown}
 m - a scroll of random uselessness {unknown}
 q - 4 scrolls of enchant armour {unknown}
 v - 2 scrolls of fog {unknown}
Potions
 e - 3 potions of heal wounds {unknown}
 j - 2 potions of curing {unknown}
 l - 3 potions of agility {unknown}
 n - a potion of ambrosia {unknown}
 r - 3 potions of degeneration {unknown}
 u - a potion of poison {unknown}
 B - a potion of flight {unknown}
Books
 c - a book of Changes

   Spells                             Type                      Level
   a - Beastly Appendage              Transmutation                1
   b - Sticks to Snakes               Transmutation                2
   c - Spider Form                    Transmutation/Poison         3
   d - Ice Form                       Ice/Transmutation            4
   e - Blade Hands                    Transmutation                5
Comestibles
 d - 5 bread rations
 i - 2 slices of pizza
 w - 7 fruits
 z - a meat ration
 A - a beef jerky


   Skills:
 + Level 2.5 Fighting
 + Level 2.8 Dodging
 + Level 4.3 Unarmed Combat
 - Level 1.2 Spellcasting
 - Level 1.3 Transmutations


You had 5 spell levels left.
You knew the following spells:

 Your Spells              Type           Power        Failure   Level  Hunger
a - Beastly Appendage     Trmt           #.....       21%         1    ##.....


Dungeon Overview and Level Annotations

Branches:
Dungeon (4/15)
 Temple: D:4-7

Altars:
Gozag
Makhleb
The Shining One


Innate Abilities, Weirdness & Mutations

You are too large for most types of armour.
You have claws for hands.
Your metabolism is lightning-fast.
You like to eat raw meat.
You heal very quickly.
You are covered in fur (AC +1).
You have very tough skin (AC +2).


Message History

The orc warrior is heavily wounded.
The orc warrior hits you with a trident.
You scratch the orc warrior but do no damage.
The orc warrior is heavily wounded.
The orc warrior hits you with a trident!
You closely miss the orc warrior.
The orc warrior is heavily wounded.
The orc warrior hits you with a trident.
You claw the orc warrior!
The orc warrior is severely wounded.
You barely miss the orc warrior.
The orc warrior is severely wounded.
The orc warrior hits you with a trident!
* * * LOW HITPOINT WARNING * * *
You are too injured to fight recklessly!
You are too injured to fight recklessly!
You scratch the orc warrior.
The orc warrior is almost dead.
The orc warrior hits you with a trident!
You die...

#..#.# #..#.#
..... #...# #...#
#. #.####
#...###...
.....####.........
#.#...%.<........
#.o@.)...†......
#.#.(............
#.####......... #.
#...###... ..
#...# ## ### #...#
#...# .....


You could see an orc warrior (bleeding).

Vanquished Creatures
  The ghost of ImmaFairy the Ruffian, a weakling FoTm (D:3)
  Robin (D:3)
  5 adders
  An ooze (D:2)
  3 worms
  3 giant geckos
  3 orcs (D:3)
  4 bats
  3 giant cockroaches (D:1)
  12 hobgoblins
  3 jackals (D:1)
  5 kobolds
  A quokka (D:2)
  5 giant newts
  11 goblins
  6 rats
67 creatures vanquished.

Notes
Turn   | Place    | Note
--------------------------------------------------------------
     0 | D:1      | oplop, the Troll Transmuter, began the quest for the Orb.
     0 | D:1      | Reached XP level 1. HP: 18/18 MP: 1/1
    86 | D:1      | Reached skill level 1 in Fighting
   259 | D:1      | Reached XP level 2. HP: 9/27 MP: 2/2
   880 | D:2      | Found a glowing golden altar of the Shining One.
   893 | D:2      | Reached XP level 3. HP: 33/33 MP: 3/3
  1023 | D:2      | Found an opulent altar of Gozag.
  1150 | D:2      | Found a burning altar of Makhleb.
  1150 | D:2      | Noticed a green death
  1153 | D:2      | Noticed a ynoxinul
  1153 | D:2      | Noticed a smoke demon
  1285 | D:3      | Noticed Robin
  1303 | D:3      | Reached XP level 4. HP: 42/42 MP: 4/4
  1330 | D:3      | Killed Robin
  1381 | D:3      | Noticed ImmaFairy's ghost (weakling FoTm)
  1385 | D:3      | Killed ImmaFairy's ghost
  1385 | D:3      | Reached skill level 4 in Unarmed Combat
  1403 | D:3      | Reached XP level 5. HP: 43/49 MP: 5/5
  1920 | D:4      | Noticed an orc warrior
  1931 | D:4      | Slain by an orc warrior

Action                   |  1- 3 |  4- 6 || total
-------------------------+-------+-------++-------
Melee: Unarmed           |   112 |    99 ||   211
  Eat: Chunk             |    16 |     4 ||    20
